[Event "Team 45 45 League T33"]
[Site "Internet Chess Club"]
[Date "2007.04.25"]
[Round "2"]
[White "hotzoddy"]
[Black "sfckerry"]
[Result "1-0"]
[WhiteElo "1410"]
[BlackElo "1326"]
[ECO "C48"]
[TimeControl "2700+45"]

1. e4 e5 2. Nc3 Nf6 3. Nf3 Nc6 4. Bb5 d6 5. Bxc6+ bxc6 6. d3 Be7 7. O-O Bg4 8.
Re1 O-O 9. h3 Bh5 10. Re3 Qd7 11. Qd2 h6 12. d4 Bxf3 13. Rxf3 Rfd8 14. Rg3 Nh5
15. Rg4 Nf4 16. dxe5 Bg5 17. Qe1 dxe5 18. Bxf4 Bxf4 19. Rd1 Qe7 20. Ne2 h5 21.
Rxf4 exf4 22. Nxf4 Rxd1 23. Qxd1 Qxe4 24. Nxh5 Re8 25. Kf1 Kh7 26. Ng3 Qc4+ 27.
Ne2 Qxa2 28. b3 Qa6 29. c4 Qa5 30. Qd3+ g6 31. f3 Qe5 32. Kf2 Re6 33. f4 Qc5+
34. Kf3 Rd6 35. Qe4 Re6 36. Qd3 Qh5+ 37. Kf2 Qh4+ 38. Kf3 Rf6 39. Qe4 Kg7 40.
Qe5 Qh5+ 41. Qxh5 gxh5 42. Nd4 Rd6 43. Nf5+ {Black resigns} 1-0

[Event "Team 45 45 League T33"]
[Site "Internet Chess Club"]
[Date "2007.04.25"]
[Round "2"]
[White "valjean"]
[Black "Mfalme"]
[Result "0-1"]
[WhiteElo "1218"]
[BlackElo "1341"]
[ECO "C41"]
[TimeControl "2700+45"]

1. e4 e5 2. Nf3 d6 3. h3 Nc6 4. Bb5 Bd7 5. Nc3 Nf6 6. d3 Be7 7. O-O O-O 8. Bc4
Nd4 9. Nxd4 exd4 10. Nd5 c5 11. Bd2 a5 12. a4 b5 13. axb5 Nxd5 14. Bxd5 Ra7 15.
Bc4 Qb6 16. Qe1 a4 17. e5 dxe5 18. Qxe5 Bf6 19. Qg3 Bxb5 20. Bxb5 Qxb5 21. Rab1
Rb8 22. Rfe1 Rab7 23. Bf4 Re8 24. f3 Rxe1+ 25. Rxe1 Re7 26. Bd6 Rxe1+ 27. Qxe1
g6 28. Qe8+ Qxe8 {White resigns} 0-1

[Event "Team 45 45 League T33"]
[Site "Internet Chess Club"]
[Date "2007.04.28"]
[Round "2"]
[White "uipawn"]
[Black "gentle-spirit"]
[Result "0-1"]
[WhiteElo "1123"]
[BlackElo "1230"]
[ECO "C00"]
[TimeControl "2700+45"]

1. e4 e6 2. d3 c5 3. Be2 Nc6 4. Nf3 Be7 5. Nc3 b6 6. a3 Ba6 7. Bf4 Bf6 8. e5 Be7
9. Qd2 f5 10. d4 Bxe2 11. Nxe2 h6 12. dxc5 Bxc5 13. Be3 Bxe3 14. Qxe3 Nge7 15.
O-O O-O 16. c4 Qc7 17. b4 Ng6 18. b5 Ncxe5 19. Nxe5 Qxe5 20. Qxe5 Nxe5 21. Nf4
Nxc4 22. a4 Nd2 23. Rfd1 Nb3 24. Rab1 Nc5 25. a5 bxa5 26. Ra1 Nb3 27. Ra3 Nc5
28. Rxa5 Rfd8 29. Ng6 Kf7 30. Ne5+ Kf6 31. Re1 a6 32. bxa6 Nxa6 33. g3 d6 34.
Nc6 Rd7 35. Nd4 e5 36. Nf3 Raa7 37. Rd1 Ke6 38. Nh4 Nc5 39. Rxa7 Rxa7 40. Kg2
Ra6 41. Rb1 g5 42. Nf3 Ra3 43. Rb8 Kf6 44. Rf8+ Kg6 45. Rg8+ Kf6 46. Rf8+ Ke6
47. Rh8 Ne4 48. Rxh6+ Kd5 49. Rh7 g4 50. Nh4 Ra2 51. Nxf5 Rxf2+ 52. Kg1 Rxf5 53.
h3 gxh3 54. Rxh3 Ng5 55. Rh5 Nf3+ 56. Kg2 Rxh5 57. Kxf3 Kd4 58. g4 Rh8 59. g5
Rg8 60. Kg4 Rxg5+ 61. Kxg5 Ke4 62. Kf6 d5 63. Ke6 d4 64. Kd6 d3 65. Kc5 d2
{White resigns} 0-1

[Event "Team 45 45 League T33"]
[Site "Internet Chess Club"]
[Date "2007.04.28"]
[Round "2"]
[White "gessie7"]
[Black "Tomate"]
[Result "1-0"]
[WhiteElo "1393"]
[BlackElo "1350"]
[ECO "B07"]
[TimeControl "2700+45"]

1. e4 d6 2. d4 Nf6 3. Nc3 g6 4. d5 Bg7 5. Nf3 O-O 6. Bf4 c6 7. Bc4 b5 8. Bb3 c5
9. a3 b4 10. axb4 cxb4 11. Na2 Qb6 12. O-O Ba6 13. Re1 Ng4 14. Qd2 Bxb2 15. Rab1
Bc3 16. Nxc3 bxc3 17. Qd4 Qxd4 18. Nxd4 Nd7 19. Nc6 Rfe8 20. Ra1 Nc5 21. Ba2 Kg7
22. h3 Nf6 23. e5 dxe5 24. Bxe5 Bb5 25. Bxc3 Bxc6 26. dxc6 Rac8 27. Bd5 e6 28.
Bf3 a6 29. Bd4 {Black resigns} 1-0

[Event "Team 45 45 League T33"]
[Site "Internet Chess Club"]
[Date "2007.04.27"]
[Round "2"]
[White "Visin"]
[Black "Midwest-Rook"]
[Result "0-1"]
[WhiteElo "1333"]
[BlackElo "1357"]
[ECO "C70"]
[TimeControl "2700+45"]

1. e4 e5 2. Nf3 Nc6 3. Bb5 a6 4. Ba4 b5 5. Bb3 d6 6. h3 Nf6 7. d3 h6 8. Bd2 a5
9. a3 Bb7 10. O-O g5 11. Nh2 Bc8 12. f3 d5 13. exd5 Nxd5 14. Nc3 Nxc3 15. Bxc3
Bc5+ 16. Kh1 Nd4 17. Re1 f6 18. Bxd4 Bxd4 19. c3 Bc5 20. d4 Bd6 21. Qc2 Qe7 22.
Rad1 Be6 23. Ng4 Bxg4 24. fxg4 a4 25. Ba2 O-O-O 26. dxe5 fxe5 27. Qe4 Kb8 28.
Qc6 Qd7 29. Bd5 Qxc6 30. Bxc6 Rhf8 31. Rf1 Bc5 32. Bxb5 Rxf1+ 33. Rxf1 Rd2 34.
Bxa4 Rxb2 35. Rf6 e4 36. Rf5 Bd6 37. Bd1 e3 38. c4 e2 39. Bxe2 Rxe2 40. Rf1 Bxa3
41. Rb1+ Kc8 42. Rf1 Bd6 43. Rc1 Kd7 44. Kg1 Bc5+ 45. Kf1 Re4 46. Re1 Rxc4 47.
Re5 Bd6 48. Rf5 Ke6 49. Ke2 c5 50. Kd3 Ra4 51. Kc3 Ra2 52. g3 Rg2 53. Rf3 Bxg3
54. Rf8 Rh2 55. Rc8 Bd6 56. Re8+ Kd7 57. Re3 Bf4 58. Rd3+ Ke6 59. Kc4 Bd6 60.
Re3+ Kd7 61. Rf3 Ke6 62. Re3+ Kd7 63. Rf3 Rc2+ 64. Kd3 Ra2 65. Kc4 Ra4+ 66. Kb5
Rb4+ 67. Ka5 Bc7+ 68. Ka6 Kc6 69. Rf6+ Bd6 70. Rxh6 Ra4# {White checkmated} 0-1

[Event "Team 45 45 League T33"]
[Site "Internet Chess Club"]
[Date "2007.04.28"]
[Round "2"]
[White "WzeroMN"]
[Black "katabatico"]
[Result "1/2-1/2"]
[WhiteElo "1164"]
[BlackElo "1345"]
[ECO "C62"]
[TimeControl "2700+45"]

1. e4 e5 2. Nf3 Nc6 3. Bb5 d6 4. O-O Bd7 5. Nc3 Nf6 6. d3 Be7 7. Bg5 a6 8. Bc4
O-O 9. Bxf6 Bxf6 10. Nd5 Na5 11. Nxf6+ Qxf6 12. Bd5 c6 13. Bc4 b5 14. Bb3 Nxb3
15. axb3 c5 16. c4 b4 17. Qd2 h6 18. Ra5 Qd8 19. Rfa1 Bc8 20. R5a2 f5 21. Rd1 f4
22. Rda1 Rf6 23. Rd1 Rg6 24. Raa1 Bg4 25. Kf1 Bxf3 26. gxf3 Qg5 27. Ke2 Qh4 28.
Rh1 Rg2 29. Qe1 Rg6 30. Rg1 Rxg1 31. Qxg1 g5 32. Qg2 Kh7 33. Rh1 Rg8 34. Qg4
Qxg4 35. fxg4 Kg6 36. Ra1 Ra8 37. Ra5 h5 38. h3 h4 39. f3 Kh6 40. Ra1 a5 41. Ra2
Kg6 {Game drawn by mutual agreement} 1/2-1/2

[Event "Team 45 45 League T33"]
[Site "Internet Chess Club"]
[Date "2007.05.02"]
[Round "2"]
[White "chips"]
[Black "WannaB"]
[Result "1-0"]
[WhiteElo "1232"]
[BlackElo "1111"]
[ECO "A01"]
[TimeControl "2700+45"]

1. b3 d5 2. Bb2 f6 3. Nf3 Bg4 4. e3 Nh6 5. d3 Nf7 6. Nbd2 e6 7. Be2 e5 8. O-O
Be7 9. a4 a5 10. Ba3 Nc6 11. Bxe7 Nxe7 12. Qc1 O-O 13. Qd1 e4 14. dxe4 dxe4 15.
Nxe4 Qxd1 16. Rfxd1 Rad8 17. Rxd8 Rxd8 18. h3 Bxf3 19. Bxf3 b6 20. Bh5 Ng5 21.
Nxg5 fxg5 22. Bf3 Nf5 23. Rd1 Rxd1+ 24. Bxd1 Nd6 25. Kh2 c6 26. Kg3 g6 27. Bf3
c5 28. Bd5+ Kg7 29. e4 Kf6 30. f3 Ke5 31. Kf2 b5 32. Bg8 h6 33. Bh7 bxa4 34.
bxa4 Kf6 35. Bg8 h5 36. Bd5 c4 37. Ke3 Ke5 38. g3 h4 39. gxh4 gxh4 40. f4+ Kf6
41. e5+ Ke7 42. exd6+ Kxd6 43. Bxc4 Kc5 44. Kd3 Kb4 45. Bb5 Kc5 46. c3 Kd6 47.
c4 Ke7 48. Ke4 Ke6 49. Kd4 Kf6 50. c5 Kf5 51. Ke3 g5 52. fxg5 Kxg5 53. Kf3 Kf5
54. c6 Ke6 55. c7 {Black resigns} 1-0

[Event "Team 45 45 League T33"]
[Site "Internet Chess Club"]
[Date "2007.04.30"]
[Round "2"]
[White "Beancounter"]
[Black "viking99"]
[Result "0-1"]
[WhiteElo "1684"]
[BlackElo "1830"]
[ECO "C05"]
[TimeControl "2700+45"]

1. e4 e6 2. d4 d5 3. Nd2 Nf6 4. e5 Nfd7 5. Bd3 c5 6. c3 Nc6 7. Ne2 Be7 8. O-O
Qb6 9. Nf3 cxd4 10. cxd4 a6 11. b3 O-O 12. Nf4 Nb4 13. Bb1 f5 14. a3 g5 15. Nh5
g4 16. Bg5 Nc6 17. Bxe7 Nxe7 18. Nh4 Nc6 19. Qd2 f4 20. Nxf4 Qxd4 21. Qc2 Rf7
22. Nxe6 Qxe5 23. Ng5 Qxg5 24. Re1 Nf6 25. g3 Bd7 26. Ba2 Nd4 27. Qd3 Nf3+ 28.
Nxf3 gxf3 29. Qxf3 Ne4 30. Qd3 Nxf2 31. Qd4 Qf6 32. Qxf6 Rxf6 33. b4 Bc6 34. Re2
Raf8 35. Kg2 Kg7 36. Re7+ R8f7 37. Rxf7+ Rxf7 38. h3 Nd3 39. Kh2 Rf2+ 40. Kg1 d4
41. Bc4 Rg2+ 42. Kf1 Ne5 43. b5 axb5 44. Bxb5 Rxg3 45. Bxc6 Nxc6 46. Rb1 Na5 47.
Rb5 Rxa3 48. Rd5 d3 49. Ke1 h6 50. Kd2 Kg6 51. h4 Nc4+ 52. Kd1 Ne3+ {White
resigns} 0-1

[Event "Team 45 45 League T33"]
[Site "Internet Chess Club"]
[Date "2007.04.29"]
[Round "2"]
[White "rubashov"]
[Black "Stav"]
[Result "0-1"]
[WhiteElo "1578"]
[BlackElo "1740"]
[ECO "B07"]
[TimeControl "2700+45"]

1. e4 d6 2. d4 Nf6 3. Bd3 e5 4. c3 Be7 5. Nf3 Nbd7 6. O-O O-O 7. Re1 c6 8. Bg5
Ne8 9. Bxe7 Qxe7 10. Nbd2 Nc7 11. Qc2 b5 12. a3 a6 13. Nb3 a5 14. c4 a4 15. Nbd2
Bb7 16. Rac1 Rfc8 17. dxe5 dxe5 18. cxb5 cxb5 19. Qxc7 Rxc7 20. Rxc7 Ba6 21.
Rec1 f6 22. Bb1 g6 23. Ba2+ Kg7 24. Bd5 Rb8 25. R1c6 Qd8 26. Be6 Bc8 27. Nb1 Kh6
28. Nc3 Nb6 29. Bxc8 Nxc8 30. Nd5 Nb6 31. Rc5 Nxd5 32. exd5 Qd6 33. h3 b4 34.
R7c6 Qd8 35. Nd2 bxa3 36. bxa3 Rb2 37. Nc4 Rb1+ 38. Kh2 Rd1 39. d6 e4 40. Rc8
Qd7 41. R5c7 Qf5 42. Ne3 Qf4+ 43. g3 Qxf2+ {White resigns} 0-1

[Event "Team 45 45 League T33"]
[Site "Internet Chess Club"]
[Date "2007.04.26"]
[Round "2"]
[White "DaveTheRook"]
[Black "OOB1"]
[Result "0-1"]
[WhiteElo "1648"]
[BlackElo "1541"]
[ECO "D13"]
[TimeControl "2700+45"]

1. d4 d5 2. c4 c6 3. cxd5 cxd5 4. Nf3 Nf6 5. Nc3 e6 6. Bg5 Be7 7. e3 Ne4 8. Bxe7
Qxe7 9. Qb3 Nc6 10. Rc1 a6 11. Bd3 Nf6 12. O-O O-O 13. a3 b5 14. Qc2 Bb7 15. b4
g6 16. Qe2 e5 17. Nxe5 Nxe5 18. dxe5 Qxe5 19. Rfe1 Rfe8 20. Qd1 d4 21. exd4 Qxd4
22. Bf1 Qxd1 23. Rexd1 Rac8 24. h3 Kg7 25. a4 bxa4 26. Nxa4 Re4 27. Nc5 Rxb4 28.
Nxb7 Rxc1 29. Rxc1 Rxb7 30. Bxa6 Rb6 31. Ra1 Nd5 32. Bc4 Nc3 33. Ra7 Rf6 34. f3
Rf4 35. Rc7 Nd1 36. Bd5 Ne3 37. Be4 Rf6 38. g4 h6 39. Kf2 Nd1+ 40. Ke2 Nb2 41.
Bd5 Na4 42. h4 g5 43. h5 Nb6 44. Bb3 Na8 45. Rb7 Rf4 46. Bd5 Rf6 47. Be4 Nb6 48.
Bc2 Na8 49. Ra7 Nb6 50. Bb3 Nc8 51. Rc7 Nd6 52. Ke3 Rf4 53. Rd7 Nb5 54. Ba2 Rf6
55. Bc4 Nd6 56. Bd5 Nb5 57. Kd3 Nd6 58. Kd4 Nb5+ 59. Kc4 Na3+ 60. Kb3 Nb1 61.
Kc2 Na3+ 62. Kb2 Nb5 63. Rb7 Nd4 64. Re7 Nxf3 65. Kc3 Rf4 66. Re3 Nh2 67. Re7
Nxg4 68. Kd3 Rf6 69. Kd2 Nf2 70. Ke2 Nh3 71. Ke3 Nf4 72. Bb3 Nxh5 {White
resigns} 0-1

[Event "Team 45 45 League T33"]
[Site "Internet Chess Club"]
[Date "2007.04.28"]
[Round "2"]
[White "Mfalme"]
[Black "degi"]
[Result "1-0"]
[WhiteElo "1343"]
[BlackElo "1269"]
[ECO "B20"]
[TimeControl "2700+45"]

1. e4 c5 2. Bc4 Nf6 3. d3 g6 4. Nc3 Bg7 5. Nf3 O-O 6. O-O d6 7. Be3 Ng4 8. Bd2
Nd7 9. Rb1 Nb6 10. Bb3 Nf6 11. Re1 e6 12. Bg5 h6 13. Bh4 Qc7 14. Bg3 Nh5 15. Qd2
Nxg3 16. fxg3 Rd8 17. h3 c4 18. dxc4 Nxc4 19. Qd3 d5 20. exd5 Qc5+ 21. Kh2 exd5
22. Red1 Bf5 23. Qe2 Nxb2 24. Nxd5 Nxd1 25. Rxd1 Be6 26. c4 a6 27. Ne5 b5 28.
Nxg6 Bxd5 29. Ne7+ Qxe7 30. Qxe7 bxc4 31. Bxc4 Bf8 32. Qf6 Bg7 33. Qh4 Bc6 34.
Rxd8+ {Black resigns} 1-0

[Event "Team 45 45 League T33"]
[Site "Internet Chess Club"]
[Date "2007.04.29"]
[Round "2"]
[White "Frankly"]
[Black "ChicoKid"]
[Result "0-1"]
[WhiteElo "1637"]
[BlackElo "1805"]
[ECO "D12"]
[TimeControl "2700+45"]

1. d4 d5 2. c4 c6 3. Nf3 Nf6 4. e3 Bf5 5. cxd5 cxd5 6. Qb3 Qc7 7. Bd2 Nc6 8. Bb5
e6 9. O-O Bd6 10. Rc1 O-O 11. Nc3 a6 12. Be2 Rac8 13. Bf1 Qb8 14. g3 Na5 15. Qa4
Nc4 16. Qb3 Bg4 17. Bxc4 dxc4 18. Qd1 b5 19. Kg2 b4 20. Nb1 Ne4 21. Be1 Ng5 22.
Nbd2 c3 23. Qa4 cxd2 24. Nxd2 Qa8+ 25. Kf1 Qh1# {White checkmated} 0-1

[Event "Team 45 45 League T33"]
[Site "Internet Chess Club"]
[Date "2007.04.28"]
[Round "2"]
[White "GadsHill"]
[Black "Smart"]
[Result "1-0"]
[WhiteElo "1632"]
[BlackElo "1531"]
[ECO "A42"]
[TimeControl "2700+45"]

1. d4 d6 2. c4 e5 3. Nf3 e4 4. Ng5 Bf5 5. Nc3 Nf6 6. Bf4 h6 7. Nh3 c6 8. e3 Be7
9. Bg3 O-O 10. Nf4 Qa5 11. Be2 Nbd7 12. O-O Nb6 13. d5 Rfe8 14. Qc2 Bh7 15. Rfd1
Rad8 16. b3 Bf8 17. dxc6 bxc6 18. Rac1 Nc8 19. Bf1 a6 20. Nfe2 c5 21. Nd5 Nxd5
22. Rxd5 Qb6 23. Nc3 Re6 24. Na4 Qc7 25. Nxc5 Ne7 26. Nxe6 fxe6 27. Rd2 Nf5 28.
Qxe4 Nxg3 29. Qxe6+ Kh8 30. hxg3 Be7 31. Rcd1 Bg8 32. Qg4 Bf7 33. c5 h5 34. cxd6
Bxd6 35. Qg5 Be7 36. Rxd8+ Kh7 37. Bd3+ g6 38. Qxh5+ Kg7 39. Qh8# {Black
checkmated} 1-0

[Event "Team 45 45 League T33"]
[Site "Internet Chess Club"]
[Date "2007.04.28"]
[Round "2"]
[White "bajerk"]
[Black "Cantemir"]
[Result "1-0"]
[WhiteElo "1481"]
[BlackElo "1414"]
[ECO "B07"]
[TimeControl "2700+45"]

1. e4 d6 2. Bc4 Nf6 3. d3 Bg4 4. Nf3 h6 5. h3 Bh5 6. Nc3 e6 7. O-O Be7 8. a3 O-O
9. b4 a6 10. Ba2 Nbd7 11. Bf4 c6 12. g4 Nxg4 13. hxg4 Bxg4 14. Kg2 Bf6 15. Qd2
Ne5 16. Nxe5 dxe5 17. Be3 Bh4 18. Ne2 Qf6 19. Ng3 Qf3+ 20. Kh2 h5 21. Rg1 Kh7
22. Rg2 f5 23. exf5 exf5 24. Bg5 Bxg5 25. Qxg5 f4 26. Ne4 Qh3+ 27. Kg1 Rf5 28.
Qe7 Kh6 29. Be6 f3 30. Rh2 Qxh2+ 31. Kxh2 Raf8 32. Bxf5 Rxf5 33. Rg1 Rf4 34.
Qg5+ Kh7 35. Qxe5 Rf5 36. Qe7 b5 37. Qh4 Kg6 38. Rxg4+ hxg4 39. Qxg4+ Kh6 40.
Qxf5 g6 41. Qh3+ Kg7 42. Qxf3 Kh6 43. Qf6 Kh5 44. Qg5# {Black checkmated} 1-0

[Event "Team 45 45 League T33"]
[Site "Internet Chess Club"]
[Date "2007.04.27"]
[Round "2"]
[White "Traho"]
[Black "schweppz"]
[Result "0-1"]
[WhiteElo "1290"]
[BlackElo "1371"]
[ECO "B01"]
[TimeControl "2700+45"]

1. e4 d5 2. d4 g6 3. Nc3 Bg7 4. e5 c5 5. f4 cxd4 6. Bb5+ Nc6 7. Qxd4 a6 8. Bxc6+
bxc6 9. Nf3 Nh6 10. Ne2 Nf5 11. Qc5 Bd7 12. Ned4 Rb8 13. Nxf5 gxf5 14. Nd4 Qb6
15. Qxb6 Rxb6 16. b3 c5 17. Nf3 Rg8 18. Bb2 Bh6 19. g3 Bc6 20. Rf1 Bb5 21. Rf2
e6 22. O-O-O Bf8 23. Ba3 Be7 24. Ne1 Rc6 25. Kb1 h5 26. Nf3 Rb6 27. Rfd2 Bc6 28.
Ka1 Kf8 29. c3 Rg4 30. Rb1 a5 31. Rdb2 Rb7 32. b4 axb4 33. cxb4 c4 34. Nd4 Bd7
35. Nc2 c3 36. Rb3 Ba4 37. Rxc3 Bxc2 38. Rxc2 h4 39. Rc3 f6 40. b5 hxg3 41.
Bxe7+ Kxe7 42. hxg3 fxe5 43. fxe5 Re4 44. Rbc1 Rxe5 45. Rc7+ Rxc7 46. Rxc7+ Kd6
47. b6 d4 48. Rc8 Rb5 49. Rd8+ Kc5 50. Rc8+ Kxb6 51. Rb8+ Kc5 52. Re8 Rb6 53.
Rc8+ Kd5 54. Rd8+ Ke4 55. Rc8 Ke3 56. Rc1 d3 {White resigns} 0-1

[Event "Team 45 45 League T33"]
[Site "Internet Chess Club"]
[Date "2007.04.25"]
[Round "2"]
[White "oldsj"]
[Black "guyd52"]
[Result "0-1"]
[WhiteElo "1428"]
[BlackElo "1298"]
[ECO "B09"]
[TimeControl "2700+45"]

1. e4 d6 2. d4 Nf6 3. Nc3 g6 4. f4 Bg7 5. Nf3 O-O 6. Bd3 b6 7. Bd2 Bb7 8. Qe2
Nbd7 9. O-O-O c5 10. d5 Re8 11. Ba6 Rb8 12. Bb5 e6 13. dxe6 Rxe6 14. Ng5 Re7 15.
Bd3 Bc6 16. Bb5 Qc7 17. Bxc6 Qxc6 18. Qf2 h6 19. Nf3 Nxe4 20. Nxe4 Rxe4 21. Rhe1
Ra4 22. c3 Rxa2 23. Be3 Bxc3 24. Re2 Bb4 25. b3 Ra1+ 26. Kc2 Qe4+ 27. Rd3 c4 28.
Nd2 Qxd3+ 29. Kb2 Qc3# {White checkmated} 0-1

[Event "Team 45 45 League T33"]
[Site "Internet Chess Club"]
[Date "2007.04.28"]
[Round "2"]
[White "Conjurer"]
[Black "EyeAm"]
[Result "0-1"]
[WhiteElo "1428"]
[BlackElo "1426"]
[ECO "A10"]
[TimeControl "2700+45"]

1. c4 f5 2. Nc3 Nf6 3. g3 e6 4. Nf3 Be7 5. Bg2 O-O 6. d4 c6 7. O-O d5 8. b3 Qe8
9. Ne5 Nbd7 10. Bf4 Qh5 11. f3 g5 12. g4 fxg4 13. fxg4 Nxg4 14. Nxg4 gxf4 15. e3
Qg5 16. e4 Nf6 17. Nxf6+ Rxf6 18. e5 Rg6 19. Qf3 Bd7 20. Ne2 Rf8 21. Nxf4 Rh6
22. Qg3 Rh4 23. Nh3 Qg4 24. Rxf8+ Bxf8 25. Nf2 Qxg3 26. hxg3 Rxd4 27. Rd1 Rxd1+
28. Nxd1 Bg7 29. Ne3 Bxe5 30. Ng4 Bd4+ 31. Kf1 Kg7 32. Ke2 e5 33. cxd5 Bxg4+ 34.
Kd3 cxd5 35. Bxd5 b6 36. Be4 h6 37. Bd5 Kf6 38. Be4 Bf5 39. Bxf5 Kxf5 40. a4 Kg4
{White resigns} 0-1

[Event "Team 45 45 League T33"]
[Site "Internet Chess Club"]
[Date "2007.04.29"]
[Round "2"]
[White "IconoJett"]
[Black "WilmaP"]
[Result "0-1"]
[WhiteElo "890"]
[BlackElo "1208"]
[ECO "C00"]
[TimeControl "2700+45"]

1. e4 e6 2. Nf3 d5 3. d3 c5 4. Nbd2 Nc6 5. c3 b5 6. d4 a6 7. e5 Nge7 8. dxc5 Ng6
9. b4 Ncxe5 10. Nxe5 Nxe5 11. Qe2 Qf6 12. Bb2 Nc4 13. Nxc4 bxc4 14. a4 Bb7 15.
Qf3 Qe5+ 16. Be2 Be7 17. O-O O-O 18. Rfe1 Qc7 19. Bd1 d4 20. Qh3 d3 21. Bc1 Rae8
22. Qg4 f5 23. Qxc4 Qc6 24. f3 Rd8 25. b5 axb5 26. axb5 Qxc5+ 27. Qxc5 Bxc5+ 28.
Be3 d2 29. Re2 Bxe3+ 30. Rxe3 Rfe8 31. c4 f4 32. Rc3 Re7 33. Ra7 e5 34. c5 e4
35. c6 e3 36. c7 Rc8 37. Rxb7 e2 38. Bb3+ Kf8 39. g3 e1=Q+ 40. Kg2 fxg3 41. hxg3
d1=Q 42. Bxd1 Qxc3 43. b6 Qd2+ 44. Be2 Qxe2+ 45. Kh3 Qxf3 46. Rb8 Qf1+ 47. Kg4
Re4+ 48. Kg5 Qf6+ 49. Kh5 Qf3+ 50. Kg5 Qg4# {White checkmated} 0-1

[Event "Team 45 45 League T33"]
[Site "Internet Chess Club"]
[Date "2007.04.28"]
[Round "2"]
[White "Dalcon"]
[Black "Orforded"]
[Result "1-0"]
[WhiteElo "1321"]
[BlackElo "1257"]
[ECO "C77"]
[TimeControl "2700+45"]

1. e4 e5 2. Nf3 Nc6 3. Bb5 a6 4. Ba4 Nf6 5. Nc3 Bc5 6. O-O O-O 7. d3 d6 8. Bg5
b5 9. Bb3 Be6 10. Bxe6 fxe6 11. a3 Qe8 12. b4 Bd4 13. Nxd4 exd4 14. Ne2 e5 15.
h3 Qg6 16. Bd2 Nh5 17. c3 Nf4 18. Nxf4 exf4 19. Qb3+ Kh8 20. Qd5 f3 21. g3 dxc3
22. Bxc3 Ne7 23. Qb7 Qe6 24. Kh2 Rfb8 25. Qxc7 Rc8 26. Qb7 Rab8 27. Qa7 d5 28.
exd5 Qd6 29. Qd4 Nf5 30. Qe5 Qxe5 31. Bxe5 Rb7 32. Rac1 Rd8 33. Rc5 Re8 34. Rfc1
h6 35. Rc8 Rxc8 36. Rxc8+ Kh7 37. d6 Nxd6 38. Bxd6 Rb6 39. Bc5 Re6 40. d4 Re2
41. d5 Rd2 42. d6 a5 43. bxa5 Rd5 44. Bb4 Rd2 45. Bxd2 {Black resigns} 1-0

[Event "Team 45 45 League T33"]
[Site "Internet Chess Club"]
[Date "2007.04.26"]
[Round "2"]
[White "bookseller"]
[Black "Tom45"]
[Result "1-0"]
[WhiteElo "1354"]
[BlackElo "1210"]
[ECO "C54"]
[TimeControl "2700+45"]

1. e4 e5 2. Nf3 Nc6 3. Bc4 Bc5 4. c3 Nf6 5. d4 exd4 6. cxd4 Bb4+ 7. Nc3 Bxc3+ 8.
bxc3 O-O 9. Bg5 h6 10. Bh4 g5 11. Bg3 Nxe4 12. Qc2 Nxg3 13. fxg3 Qe7+ 14. Be2 d5
15. O-O Bg4 16. Rae1 Bxf3 17. Bxf3 Qd6 18. Bh5 Rae8 19. Rxe8 Rxe8 20. Rxf7 Re1+
21. Kf2 Qf6+ 22. Rxf6 Kg7 23. Qg6+ Kh8 24. Rf8# {Black checkmated} 1-0

[Event "Team 45 45 League T33"]
[Site "Internet Chess Club"]
[Date "2007.04.26"]
[Round "2"]
[White "otib2006"]
[Black "Chesnut"]
[Result "0-1"]
[WhiteElo "1214"]
[BlackElo "1280"]
[ECO "B50"]
[TimeControl "2700+45"]

1. e4 c5 2. Nf3 d6 3. h3 Nf6 4. Nc3 g6 5. Bc4 Bg7 6. O-O O-O 7. d4 cxd4 8. Nxd4
Nc6 9. Nxc6 bxc6 10. Bg5 Rb8 11. b3 Qa5 12. Qd2 Nxe4 13. Nxe4 Qxd2 14. Nxd2 Bxa1
15. Rxa1 e5 16. Be7 Re8 17. Bxd6 Rb7 18. Re1 Rd8 19. Ne4 Bf5 20. Be7 Rxe7 {White
resigns} 0-1

[Event "Team 45 45 League T33"]
[Site "Internet Chess Club"]
[Date "2007.04.28"]
[Round "2"]
[White "Knight77"]
[Black "chiiwen"]
[Result "1-0"]
[WhiteElo "1804"]
[BlackElo "1908"]
[ECO "A04"]
[TimeControl "2700+45"]

1. Nf3 c5 2. g3 Nf6 3. Bg2 d5 4. d3 Nc6 5. O-O e5 6. e4 Bg4 7. h3 Bxf3 8. Qxf3
Nd4 9. Qd1 dxe4 10. dxe4 Be7 11. c3 Nc6 12. Be3 Qxd1 13. Rxd1 O-O 14. Nd2 Rfd8
15. Nf3 b6 16. Nh4 g6 17. f4 Rac8 18. f5 Nh5 19. Kf2 Bxh4 20. gxh4 Na5 21. b3
Nc6 22. Bf3 Nf4 23. Kg3 Nd3 24. Bg5 Rd7 25. fxg6 hxg6 26. Bg4 Rcc7 27. Bxd7 Rxd7
28. Rd2 f5 29. Kf3 {Black resigns} 1-0

[Event "Team 45 45 League T33"]
[Site "Internet Chess Club"]
[Date "2007.04.30"]
[Round "2"]
[White "HoHo"]
[Black "Puedo"]
[Result "1/2-1/2"]
[WhiteElo "1770"]
[BlackElo "1824"]
[ECO "C42"]
[TimeControl "2700+45"]

1. e4 e5 2. Nf3 Nf6 3. Nxe5 d6 4. Nf3 Nxe4 5. d4 d5 6. Bf4 Nc6 7. Be2 Bd6 8.
Bxd6 Qxd6 9. c3 O-O 10. O-O Re8 11. Nbd2 Bg4 12. Nxe4 Rxe4 13. Ng5 Rxe2 14. f3
Rae8 15. fxg4 Qg6 16. Nxf7 Qxg4 17. Rf2 Qe4 18. Ng5 Qe3 19. Nh3 Rxf2 20. Nxf2
Nd8 21. Kf1 Nf7 22. Qe1 Nd6 23. Qxe3 Rxe3 24. Re1 Nc4 25. Nd1 Re4 26. Rxe4 dxe4
27. b3 Nd6 28. Ke2 Kf7 29. Ke3 Ke6 30. g4 b5 31. Nb2 Kd5 32. a4 a6 33. axb5 axb5
34. c4+ bxc4 35. bxc4+ Nxc4+ 36. Nxc4 Kxc4 37. Kxe4 g5 38. h3 c6 39. Ke3 Kd5 40.
Kd3 h6 41. Ke3 Kd6 42. Ke4 Ke6 43. Ke3 Kd5 44. Kd3 Kd6 45. Kc4 Ke6 46. Kc5 Kd7
47. d5 cxd5 48. Kxd5 Ke7 49. Ke5 Kf7 50. Kf5 Kg7 51. Ke6 Kg6 52. Ke5 h5 53. Ke6
hxg4 54. hxg4 Kg7 55. Kf5 Kh6 56. Kf6 Kh7 57. Ke5 Kg6 58. Ke6 Kh6 59. Kf6 Kh7
60. Kxg5 Kg7 61. Kf5 Kf7 62. g5 Kg7 63. g6 Kg8 64. Kg5 Kg7 65. Kh5 Kg8 66. Kh6
Kh8 67. Kh5 Kg7 68. Kg5 Kg8 69. Kg4 Kg7 70. Kf5 Kg8 71. g7 Kxg7 {Game drawn
because neither player has mating material} 1/2-1/2

[Event "Team 45 45 League T33"]
[Site "Internet Chess Club"]
[Date "2007.04.28"]
[Round "2"]
[White "Benaque"]
[Black "Avedldesierto"]
[Result "0-1"]
[WhiteElo "1385"]
[BlackElo "1772"]
[ECO "C68"]
[TimeControl "2700+45"]

1. e4 e5 2. Nf3 Nc6 3. Bb5 a6 4. Bxc6 dxc6 5. d3 Bd6 6. Bg5 Nf6 7. Nbd2 O-O 8.
h3 h6 9. Bh4 Re8 10. Bg3 Nh5 11. Bh2 Nf4 12. O-O Be6 13. Bxf4 exf4 14. Re1 g5
15. g4 fxg3 16. e5 gxf2+ 17. Kxf2 Bc5+ 18. Kg2 Qd7 19. Rh1 Bd5 20. Kg3 Be3 21.
c4 Bxd2 22. Qxd2 Bxf3 23. Kxf3 Qf5+ 24. Ke2 Rxe5+ 25. Kd1 Qf3+ 26. Kc2 Re2 27.
Rad1 Rxd2+ 28. Kxd2 Rd8 29. Kc3 Qf6+ 30. Kc2 Qg6 31. h4 Rd4 32. hxg5 hxg5 33.
Rhg1 Rxc4+ 34. Kb1 Rd4 35. Kc2 b6 36. Rge1 c5 37. Re8+ Kg7 38. Re3 c4 39. Kc3
Rxd3+ 40. Rexd3 cxd3 41. Rxd3 Qc6+ 42. Kd2 f5 43. Rc3 Qg2+ 44. Kd3 c5 45. Rc2
Qe4+ 46. Kd2 g4 47. Rc3 f4 48. b3 f3 49. Rc4 Qe2+ 50. Kc3 Qe1+ 51. Kb2 Qe2+ 52.
Ka3 Qxc4 53. bxc4 f2 {White resigns} 0-1

[Event "Team 45 45 League T33"]
[Site "Internet Chess Club"]
[Date "2007.04.29"]
[Round "2"]
[White "isolani"]
[Black "drflounder"]
[Result "1-0"]
[WhiteElo "1689"]
[BlackElo "1751"]
[ECO "A04"]
[TimeControl "2700+45"]

1. Nf3 e6 2. d4 Nf6 3. Nbd2 b6 4. e4 d6 5. Bd3 Bb7 6. Qe2 Be7 7. O-O O-O 8. c4
c5 9. e5 dxe5 10. dxe5 Nfd7 11. Re1 Re8 12. Ne4 f6 13. exf6 Nxf6 14. Neg5 Bd6
15. Nxe6 Qd7 16. Bg5 Qf7 17. Bxf6 Qxf6 18. Bxh7+ Kxh7 19. Nfg5+ Kg8 20. Qh5 Rxe6
21. Qh7+ Kf8 22. Qh8+ {Black resigns} 1-0

[Event "Team 45 45 League T33"]
[Site "Internet Chess Club"]
[Date "2007.04.28"]
[Round "2"]
[White "mitus"]
[Black "Zebbile"]
[Result "1-0"]
[WhiteElo "1879"]
[BlackElo "2020"]
[ECO "B19"]
[TimeControl "2700+45"]

1. e4 c6 2. d4 d5 3. Nc3 dxe4 4. Nxe4 Bf5 5. Ng3 Bg6 6. h4 h6 7. Nf3 Nd7 8. Bd3
Bxd3 9. Qxd3 Qc7 10. Bd2 e6 11. O-O-O Ngf6 12. Rhe1 O-O-O 13. Qb3 Bd6 14. Ne4
Nxe4 15. Rxe4 Nf6 16. Re2 Rd7 17. Qa4 Qb6 18. Ne5 Bxe5 19. dxe5 Nd5 20. c4 Ne7
21. Be3 Rxd1+ 22. Kxd1 Rd8+ 23. Kc1 c5 24. Qa3 Qa6 25. Qxa6 bxa6 26. Bxc5 Ng6
27. g3 Kb7 28. h5 Nf8 29. Bxf8 Rxf8 30. Rd2 Rc8 31. b3 Rc5 32. f4 Kc7 33. Rd6
Rc6 34. Rxc6+ Kxc6 35. b4 Kb6 36. Kc2 Kc6 37. Kc3 f5 38. Kb3 a5 39. bxa5 Kc5 40.
Kc3 a6 41. a3 Kc6 42. Kd4 Kd7 43. Kc5 Kc7 44. a4 Kd7 45. Kb6 Kd8 46. Kb7 Kd7 47.
c5 Ke7 48. c6 Kf8 49. c7 Kg8 50. c8=Q+ Kh7 51. Qxe6 g5 52. Qxf5+ Kh8 53. fxg5
hxg5 54. h6 g4 55. Qf6+ {Black resigns} 1-0